 Dungeon Crawl Stone Soup version 0.29-a0-243-g602b31c20e (webtiles) character file.

Game seed: 10870338092289415981

5 siradein the Caller (level 1, -1/14 HPs)
             Began as a Ghoul Summoner on Mar 4, 2022.
             Slain by a giant cockroach (2 damage)
             ... on level 1 of the Dungeon.
             The game lasted 00:00:30 (146 turns).

siradein the Caller (Ghoul Summoner)                 Turns: 146, Time: 00:00:30

Health: -1/14      AC:  4    Str: 11    XL:     1   Next: 80%
Magic:  2/2        EV: 12    Int: 10    God:
Gold:   55         SH:  0    Dex:  9    Spells: 3/4 levels left

rFire   . . .      SeeInvis .   (no weapon)
rCold   + . .      Faith    .   (no shield)
rNeg    + + +      Spirit   .   a - +0 robe
rPois   ∞          Reflect  .   (no helmet)
rElec   .          Harm     .   (no cloak)
rCorr   .          Rampage  .   (no gloves)
Will    .....                   c - +1 pair of boots
Stlth   ++........              (no amulet)
HPRegen 0.00/turn               (no ring)
MPRegen 0.08/turn               (no ring)

@: inhibited regen
A: claws 1, cold resistance 1, negative energy resistance 3, inhibited
regeneration, torment resistance 2
a: no special abilities


You were on level 1 of the Dungeon.
You visited 1 branch of the dungeon, and saw 1 of its levels.

You collected 55 gold pieces.

Inventory:

Armour
 a - a +0 robe (worn)
 c - a +1 pair of boots (worn)
Scrolls
 b - a scroll of brand weapon {unknown}
 d - a scroll of amnesia {unknown}


   Skills:
 - Level 1.7 Dodging
 - Level 2.1 Stealth
 + Level 2.0 Spellcasting
 + Level 3.7 Summonings


You had 3 spell levels left.
You knew the following spells:

 Your Spells              Type           Power      Damage    Failure   Level
a - Summon Small Mammal   Summ           32%        N/A       7%          1

Your spell library contained the following spells:

 Spells                   Type           Power      Damage    Failure   Level
 Call Imp                 Summ           8%         N/A       10%         2
 Call Canine Familiar     Summ           8%         N/A       21%         3
 Summon Guardian Golem    Hex/Summ       4%         N/A       41%         3
 Summon Lightning Spire   Summ/Air       4%         N/A       82%         4


Dungeon Overview and Level Annotations

Branches:
Dungeon (1/15)

Altars:


Innate Abilities, Weirdness & Mutations

You thrive by killing the living.
You are immune to poison.
You have sharp fingernails.
Your flesh is cold resistant. (rC+)
You are immune to negative energy. (rN+++)
You do not regenerate when monsters are visible.
You are immune to unholy pain and torment.


Message History

Your bat hits the hobgoblin. The giant cockroach misses you.
You completely miss the hobgoblin.
The hobgoblin is lightly wounded.
Your bat barely misses the hobgoblin.
The hobgoblin barely misses you.
The giant cockroach bites you but does no damage.
The hobgoblin misses you.
You scratch the hobgoblin.
The hobgoblin is almost dead.
Your bat barely misses the hobgoblin.
The hobgoblin barely misses you.
The giant cockroach bites you but does no damage.
The hobgoblin hits you.
* * * LOW HITPOINT WARNING * * *
You closely miss the hobgoblin.
The hobgoblin is almost dead.
Your bat closely misses the hobgoblin.
The hobgoblin barely misses you. The giant cockroach barely misses you.
The hobgoblin closely misses you.
You scratch the hobgoblin.
You kill the hobgoblin!
The giant cockroach closely misses you.
The hobgoblin hits you but does no damage.
Your Spellcasting skill increases to level 2!
Your bat barely misses the hobgoblin.
Your bat hits the hobgoblin but does no damage.
The giant cockroach misses you.
Really walk into that dispersal trap?
You enter a dispersal trap!
The giant cockroach blinks!
The hobgoblin blinks! x2
The giant cockroach blinks!
The hobgoblin blinks!
Your bat blinks!
You blink.
Your bat closely misses the hobgoblin.
The hobgoblin barely misses you. The giant cockroach bites you.
* * * LOW HITPOINT WARNING * * *
Your bat hits the hobgoblin.
Your bat closely misses the giant cockroach.
The hobgoblin hits your bat.
Your bat hits the hobgoblin. The hobgoblin closely misses your bat.
An endoplasm comes into view.
The endoplasm quivers.
Your bat hits the giant cockroach but does no damage.
Your bat misses the giant cockroach. The giant cockroach bites you.
You die...

#.# ##.#####
......###
#.#.....#
#.#..b..###
#...g†..^.#
#b#.....#.#
####.##B#..†..#.#
.....J.@###.###.#
#######.# #.# .#
#.# #.###.# #.#
#...#.# #.#
###.#.# #.#
##.#.#
#.####....#
#......#..#
######.>.##


You could see an endoplasm, a giant cockroach and a friendly bat (summoned).

Vanquished Creatures
  A ball python (D:1)
  A hobgoblin (D:1)
  3 bats (D:1)
5 creatures vanquished.

Notes
Turn   | Place    | Note
-------+----------+-------------------------------------------
     0 | D:1      | siradein the Ghoul Summoner began the quest for the Orb.
     0 | D:1      | Reached XP level 1. HP: 14/14 MP: 2/2
   146 | D:1      | Slain by a giant cockroach

Illustrated notes

Levels and vault maps discovered:
D:1:      matt_arrival_debris, layout_loops_ring

Skill      XL: |  1 |
---------------+----+-----
Spellcasting   | 2 |  2.0
Dodging        | |  1.7
Stealth        | |  2.1
Summonings     | |  3.7

Action                   || total
-------------------------++-------
Melee: Unarmed           ||    20
 Cast: Summon Small Mamm ||     3
Armor: Robe              ||    12
Dodge: Dodged            ||    32

Table legend: (Time is in decaauts)
 A = Elapsed time spent in this place.
 B = Non-inter-level travel time spent in this place.
 C = Inter-level travel time spent in this place.
 D = Time resting spent in this place.
 E = Time spent auto-exploring this place.
 F = Levels seen in this place.
 G = Mean time per level.
                   A        B        C        D        E       F      G
               +--------+--------+--------+--------+--------+-----+--------+
         Total |    146 |    146 |      0 |      0 |     75 |   1 |  146.0 |
       Dungeon |    146 |    146 |      0 |      0 |     75 |   1 |  146.0 |
               +--------+--------+--------+--------+--------+-----+--------+

Top non-repeatable levels by time:
     D:1: 146 daAuts
